 Dungeon Crawl Stone Soup version 0.27-a0-1565-gad902ab807 (webtiles) character file.

Game seed: 7165142122662167015

59 bande the Shield-Bearer (level 4, 23/28 HPs)
             Began as a Gargoyle Fighter on July 17, 2021.
             Quit the game on level 2 of the Dungeon.
             The game lasted 00:01:57 (1517 turns).

bande the Shield-Bearer (Gargoyle Fighter)          Turns: 1517, Time: 00:01:57

Health: 23/28      AC: 10    Str: 20    XL:     4   Next: 3%
Magic:  4/4        EV:  7    Int: 10    God:
Gold:   12         SH: 10    Dex: 10    Spells: 3/3 levels left

rFire    . . .     SeeInvis .   a - +0 war axe
rCold    . . .     Faith    .   c - +1 kite shield
rNeg     + . .     Spirit   .   b - +0 scale mail
rPois    ∞         Reflect  .   (no helmet)
rElec    +         Harm     .   (no cloak)
rCorr    .         Rampage  .   (no gloves)
Will     .....                  (no boots)
Stlth    ..........             (no amulet)
HPRegen  0.09/turn              (no ring)
MPRegen  0.09/turn              (no ring)

@: no status effects
A: sickness immunity, AC +3, negative energy resistance 1, electricity
resistance, torment resistance 1, petrification resistance, clever 1, screaming
1, inability to read while threatened
a: no special abilities


You were on level 2 of the Dungeon.
You visited 1 branch of the dungeon, and saw 2 of its levels.

You collected 12 gold pieces.

Inventory:

Hand Weapons
 a - a +0 war axe (weapon)
Armour
 b - a +0 scale mail (worn)
 c - a +1 kite shield (worn)
Potions
 d - a potion of might


   Skills:
 + Level 3.6 Fighting
 + Level 2.8 Axes
 + Level 3.6 Armour
 + Level 0.6 Dodging
 + Level 3.7 Shields


You had 3 spell levels left.
You didn't know any spells.
Your spell library was empty.

Dungeon Overview and Level Annotations

Branches:
Dungeon (2/15)

Altars:


Innate Abilities, Weirdness & Mutations

You are immune to sickness and miasma.
Your stone body is resilient. (AC +3)
You are immune to poison.
You resist negative energy. (rN+)
You are resistant to electric shocks. (rElec)
You are resistant to unholy torment.
You are immune to petrification.
Your mind is acute. (Int +2)
You occasionally shout uncontrollably at your foes.
You sometimes lose the ability to read scrolls when taking damage.


Message History

A ball python is nearby!
The ball python hisses angrily.
A worm comes into view.
The ball python bites you but does no damage.
You block the ball python's attack.
You closely miss the ball python. You block the ball python's attack.
The ball python grabs you. The ball python constricts you.
The ball python bites you but does no damage.
The ball python constricts you.
You slash the ball python!
You kill the ball python!
A hobgoblin comes into view. It is wearing a +0 robe of willpower.
The hobgoblin shouts!
You see here a quokka corpse.
You hit the worm.
The worm is moderately wounded.
The worm closely misses you.
You hit the worm.
The worm is heavily wounded.
The hobgoblin hits you but does no damage.
The worm bites you.
You hit the worm but do no damage.
The worm is moderately wounded.
You hit the hobgoblin.
You kill the hobgoblin!
The worm bites you but does no damage.
You slash the worm!
The worm is severely wounded.
You hit the worm.
The worm is almost dead.
You block the worm's attack.
You hit the worm.
You kill the worm!
You have reached level 4!
You feel stronger.
Really quaff the potion of mutation?
You feel extremely strange.
You feel genetically unstable.
You feel clever.
You feel the urge to shout.
You lose the ability to read scrolls when threatened.
Are you sure you want to abandon this character and quit the game? (Confirm with "yes".)

##.#####.#.#........... #
........#.#.....######
#.#.#.....#.........####
#.#.#.##.##...P..P...... #
#.........#..........###
.##.#.#.....)...P......P..##
...........††.............#
###........†..............#
#######..@[...P......P...
#.#†.............##.
...........P..P.... .
###.#.#...........##
#.#.#......... #.#.#....#.#
.#### #.#.#....#.#. .....
..# ...# ....#### ........


There were no monsters in sight!

Vanquished Creatures
  A worm (D:2)
  4 dart slugs
  4 ball pythons
  A bat (D:1)
  6 endoplasms (D:1)
  2 giant cockroaches
  6 goblins
  4 hobgoblins
  3 jackals (D:2)
  6 kobolds (D:1)
  2 quokkas
  A rat (D:1)
40 creatures vanquished.

Notes
Turn   | Place    | Note
-------+----------+-------------------------------------------
     0 | D:1      | bande the Gargoyle Fighter began the quest for the Orb.
     0 | D:1      | Reached XP level 1. HP: 14/14 MP: 1/1
   393 | D:1      | Reached XP level 2. HP: 19/19 MP: 2/2
   757 | D:1      | Reached XP level 3. HP: 23/23 MP: 3/3
  1259 | D:2      | Gained mutation: You are somewhat resistant to further
                  | mutation. [potion of mutation]
  1516 | D:2      | Reached XP level 4. HP: 22/28 MP: 4/4
  1516 | D:2      | Lost mutation: You are somewhat resistant to further
                  | mutation. [potion of mutation]
  1516 | D:2      | Gained mutation: Your mind is acute. (Int +2) [potion of
                  | mutation]
  1516 | D:2      | Gained mutation: You occasionally shout uncontrollably at
                  | your foes. [potion of mutation]
  1516 | D:2      | Gained mutation: You sometimes lose the ability to read
                  | scrolls when taking damage. [potion of mutation]
  1517 | D:2      | Quit the game

Illustrated notes

Levels and vault maps discovered:
D:1:      amcnicky_arrival_wind_blow, layout_loops_corners
D:2:      layout_basic, dreamdust_ecumenical_altar_sealed_demon, minivault_23,
          minmay_misc_feat_plants

Skill      XL: |  1  2 |
---------------+-------+-----
Axes           | 2 |  2.8
Fighting       | |  3.6
Armour         | |  3.6
Dodging        | |  0.6
Shields        | |  3.7

Action                   |  1- 3 |  4- 6 || total
-------------------------+-------+-------++-------
Melee: War axe           |   108 |       ||   108
  Use: Scroll            |     3 |       ||     3
       Potion            |     1 |     1 ||     2
Armor: Scale mail        |    74 |       ||    74
Dodge: Dodged            |    27 |       ||    27
Block: Kite shield       |    64 |       ||    64

Table legend: (Time is in decaauts)
 A = Elapsed time spent in this place.
 B = Non-inter-level travel time spent in this place.
 C = Inter-level travel time spent in this place.
 D = Time resting spent in this place.
 E = Time spent auto-exploring this place.
 F = Levels seen in this place.
 G = Mean time per level.
                   A        B        C        D        E       F      G
               +--------+--------+--------+--------+--------+-----+--------+
         Total |   1583 |   1583 |      0 |    210 |   1090 |   2 |  791.5 |
       Dungeon |   1583 |   1583 |      0 |    210 |   1090 |   2 |  791.5 |
               +--------+--------+--------+--------+--------+-----+--------+

Top non-repeatable levels by time:
     D:1: 1301 daAuts
     D:2: 282 daAuts
